 Dungeon Crawl Stone Soup version 0.29-a0-483-g69413ace17 (webtiles) character file.

Game seed: 11351149420320462509

168 Hubjo the Magician (level 5, -5/31 HPs)
             Began as a Deep Elf Fire Elementalist on May 25, 2022.
             Slain by a gnoll
             ... wielding a +0 club
             ... led by a gnoll shaman
              (6 damage)
             ... on level 4 of the Dungeon.
             The game lasted 00:05:13 (7085 turns).

Hubjo the Magician (Deep Elf Fire Elementalist)     Turns: 7085, Time: 00:05:16

Health: -5/31      AC:  5    Str:  5    XL:     5   Next: 23%
Magic:  22/22      EV: 13    Int: 22    God:
Gold:   180        SH:  0    Dex: 21    Spells: 7/12 levels left

rFire   . . .      SeeInvis .   r - +0 spear (venom)
rCold   . . .      Faith    .   (no shield)
rNeg    + . .      Spirit   .   l - +0 robe {rN+}
rPois   .          Reflect  .   (no helmet)
rElec   .          Harm     .   u - +0 cloak
rCorr   .          Rampage  .   d - +1 pair of gloves
Will    .....                   (no boots)
Stlth   +++.......              (no amulet)
HPRegen 0.10/turn               p - +6 ring of dexterity
MPRegen 0.18/turn               v - ring of magical power

@: mighty, lethally poisoned (-5 -> -14), hasted, very quick
A: no striking features
a: no special abilities


You were on level 4 of the Dungeon.
You visited 1 branch of the dungeon, and saw 5 of its levels.

You collected 180 gold pieces.

Inventory:

Hand Weapons
 r - a +0 spear of venom (weapon)
Missiles
 b - a throwing net
Armour
 a - a +0 robe
 d - a +1 pair of gloves (worn)
 l - a +0 robe of positive energy (worn)
 u - a +0 cloak (worn)
Jewellery
 p - a +6 ring of dexterity (left hand)
 v - a ring of magical power (right hand)
 y - a ring of see invisible
Wands
 x - a wand of iceblast (10)
Scrolls
 c - 3 scrolls of fog {unknown}
 g - 2 scrolls of noise {unknown}
 n - a scroll of enchant weapon
 q - 4 scrolls of poison {unknown}
 s - 2 scrolls of teleportation
 t - a scroll of amnesia
Potions
 e - a potion of degeneration {unknown}
 f - 4 potions of curing
 h - 2 potions of heal wounds {unknown}
 j - 3 potions of might
 m - a potion of cancellation {unknown}
 o - a potion of resistance {unknown}
 w - a potion of haste
 z - a potion of mutation {unknown}
 A - a potion of invisibility {unknown}


   Skills:
 + Level 2.3 Fighting
 - Level 2.4 Dodging
 + Level 3.8 Stealth
 + Level 4.2 Spellcasting
 - Level 1.1 Conjurations
 * Level 4.2 Fire Magic


You had 7 spell levels left.
You knew the following spells:

 Your Spells              Type           Power      Damage    Failure   Level
a - Foxfire               Conj/Fire      64%        2x1d7     3%          1
b - Flame Wave            Conj/Fire      16%        2d6       36%         4

Your spell library contained the following spells:

 Spells                   Type           Power      Damage    Failure   Level
 Scorch                   Fire           46%        2d7       3%          2
 Sandblast                Erth           8%         2d5       11%         1
 Conjure Flame            Conj/Fire      16%        6-21      11%         3
 Inner Flame              Hex/Fire       13%        N/A       14%         3
 Ensorcelled Hibernation  Hex/Ice        8%         N/A       17%         2
 Spider Form              Tmut/Pois      4%         N/A       32%         3
 Anguish                  Hex/Necr       2%         N/A       73%         4
 Petrify                  Tmut/Erth      4%         N/A       73%         4
 Borgnjor's Vile Clutch   Necr/Erth      2%         N/A       97%         5
 Yara's Violent Unravell  Hex/Tmut       2%         3d3       97%         5


Dungeon Overview and Level Annotations

Branches:
Dungeon (5/15)
 Temple: D:4-7

Altars:
Vehumet


Message History

The hound closely misses you. The scorpion stings you.
You are poisoned.
The scorpion poisons you! The gnoll hits you with a +0 club.
The hound barely misses you.
The gnoll hits you from afar with a +0 spear.
The scorpion stings you. The gnoll barely misses you.
A phantom comes into view.
The hound completely misses you. The gnoll hits you with a +0 club.
There is a stone staircase leading up here.
You feel sick.
The gnoll hits you from afar with a +0 spear.
The hound bites you but does no damage. The scorpion barely misses you.
The gnoll closely misses you. The gnoll hits you with a +0 club.
You climb upwards.
You feel very sick.
There is a stone staircase leading down here.
It was a potion of curing.
You feel better. The hound barely misses you.
The scorpion completely misses you. The gnoll hits you with a +0 club!
* * * LOW HITPOINT WARNING * * *
The hound misses you.
It was a potion of might.
You feel very mighty all of a sudden. The scorpion barely misses you.
The hound bites you.
* * * LOW HITPOINT WARNING * * *
The gnoll closely misses you.
You feel better. The hound barely misses you. The scorpion misses you.
The gnoll hits you with a +0 club.
* * * LOW HITPOINT WARNING * * *
The hound bites you but does no damage. The scorpion barely misses you.
As you read the scroll of summoning, it crumbles to dust.
Wisps of shadow whirl around you... The hound barely misses you.
The scorpion misses you. The gnoll barely misses you.
It was a potion of haste.
You feel yourself speed up. The hound bites you.
* * * LOW HITPOINT WARNING * * *
The scorpion stings you.
* * * LOW HITPOINT WARNING * * *
You are lethally poisoned!
The scorpion poisons you!
Your endoplasm hits the hound. The hound barely misses you.
The gnoll hits you with a +0 club.
You die...

##....###.........####...#.###.##
..<.[[[.'.........+..............
##...####.........####...#####.##
##.## ##.......## #..## #.# #.#
##.....## #..######.# ###.#
##...## ###.........# ..#.#
##'######.....####### #...######
#.###h##.....#
..####...####.##@sJ#.....# .##
#.#........g........# .#
#...###...#..g#.....#
.######.###.....#.######.#
........# ##...##.# #.# #########
##.###.######.# ### #........#
##########


You could see a scorpion, a hound (ally target), a gnoll (ally target), a
friendly endoplasm (summoned) and a friendly goblin (summoned).

Vanquished Creatures
  An iguana (D:3)
  7 gnolls (D:3)
  An adder (D:4)
  An ufetubus (D:5)
  A worm (D:4)
  3 orcs (D:4)
  A ball python (D:3)
  4 endoplasms
  2 giant cockroaches
  5 goblins
  10 hobgoblins
  6 kobolds
  4 quokkas
  2 bats
  7 rats
55 creatures vanquished.

Vanquished Creatures (collateral kills)
  10 foxfires (D:2)
10 creatures vanquished.

Vanquished Creatures (others)
  530 foxfires
530 creatures vanquished.

Grand Total: 595 creatures vanquished

Notes
Turn   | Place    | Note
-------+----------+-------------------------------------------
     0 | D:1      | Hubjo the Deep Elf Fire Elementalist began the quest for
                  | the Orb.
     0 | D:1      | Reached XP level 1. HP: 10/10 MP: 6/6
  1060 | D:1      | Reached XP level 2. HP: 16/16 MP: 2/8
  1397 | D:1      | Got Opait's Grimoire of Earthen Bewitchment
  1420 | D:1      | Reached skill level 1 in Fighting
  2446 | D:2      | Found a radiant altar of Vehumet.
  2820 | D:2      | Reached XP level 3. HP: 20/20 MP: 5/9
  2893 | D:2      | You fall into a shaft and drop 2 floors!
  3550 | D:3      | Reached XP level 4. HP: 7/26 MP: 5/11
  4570 | D:3      | Reached XP level 5. HP: 12/30 MP: 2/13
  4575 | D:3      | Learned a level 4 spell: Flame Wave
  5130 | D:2      | Found a faded altar of an unknown god.
  6518 | D:5      | Entered Level 5 of the Dungeon
  7078 | D:5      | Noticed a phantom
  7085 | D:4      | HP: 1/31 [scorpion (5)]
  7085 | D:4      | Slain by a gnoll

Illustrated notes

Levels and vault maps discovered:
D:1:      minmay_arrival_widening_spiral_narrow, layout_basic,
          minmay_close_crescents
D:2:      layout_basic, basic_altar, dilly_ecumenical_altar_fadedgnrine
D:3:      layout_loops_ring
D:4:      layout_loops_corners
D:5:      minmay_thick_lines, layout_basic, mainiacjoe_overflow_catwalk_spiral,
          grunt_ministairs_15, kennysheep_minor_cross,
          amcnicky_altar_lugonu_corruption

Skill      XL: |  1  2  3  4 |
---------------+-------------+-----
Fighting       | 1 2 |  2.3
Stealth        | 3 |  3.8
Spellcasting   | 4 |  4.2
Fire Magic     | 4 |  4.2
Dodging        | |  2.4
Conjurations   | |  1.1

Action                   |  1- 3 |  4- 6 || total
-------------------------+-------+-------++-------
Melee: Unarmed           |       |     1 ||     1
 Cast: Foxfire           |   187 |   141 ||   328
  Use: Potion            |     1 |     4 ||     5
       Scroll            |       |     5 ||     5
Armor: Robe              |     7 |     8 ||    15
Dodge: Dodged            |     9 |    29 ||    38

Table legend: (Time is in decaauts)
 A = Elapsed time spent in this place.
 B = Non-inter-level travel time spent in this place.
 C = Inter-level travel time spent in this place.
 D = Time resting spent in this place.
 E = Time spent auto-exploring this place.
 F = Levels seen in this place.
 G = Mean time per level.
                   A        B        C        D        E       F      G
               +--------+--------+--------+--------+--------+-----+--------+
         Total |   7088 |   6833 |    255 |    483 |   5700 |   5 | 1417.6 |
       Dungeon |   7088 |   6833 |    255 |    483 |   5700 |   5 | 1417.6 |
               +--------+--------+--------+--------+--------+-----+--------+

Top non-repeatable levels by time:
     D:3: 1988 daAuts
     D:1: 1832 daAuts
     D:4: 1785 daAuts
     D:2: 1474 daAuts
     D:5: 7 daAuts
